 Dungeon Crawl Stone Soup version 0.32-a0-699-g1ee5eff69a (console) character file.

Game seed: 16084910760983834059

89 zenocrate the Digger (level 4, -2/28 HPs)
             Began as an Octopode Earth Elementalist on Mar 13, 2024.
             Slain by an orc
             ... wielding a +0 hand axe
              (6 damage)
             ... on level 3 of the Dungeon.
             The game lasted 00:02:52 (1474 turns).

zenocrate the Digger (Octopode Earth Elementalist)  Turns: 1474, Time: 00:02:52

Health: -2/28      AC:  1    Str:  7    XL:     4   Next: 55%
Magic:  0/8        EV:  2    Int: 19    God:
Gold:   53         SH:  0    Dex: 12    Spells: 4/8 levels left

rFire   . . .        a - +0 spear
rCold   . . .        (no shield)
rNeg    . . .        (helmet restricted)
rPois   .            (no amulet)
rElec   .            (no ring)
rCorr   .            (no ring)
SInv    .            (no ring)
Will    .....        (no ring)
Stlth   +++          (no ring)
HPRegen 0.24/turn    (no ring)
MPRegen 0.11/turn    (no ring)
                     (no ring)

%: no passive effects
@: constricted
A: almost no armour, amphibious, 8 rings, camouflage 1, gelatinous body 1,
(nimble swimmer 1), tentacles
a: no special abilities


You were on level 3 of the Dungeon.
You visited 1 branch of the dungeon, and saw 4 of its levels.

You collected 53 gold pieces.

Inventory:

Hand Weapons
 a - a +0 spear (weapon)
Jewellery
 i - an amulet of guardian spirit
Scrolls
 b - a scroll of immolation {unknown}
 c - a scroll of torment {unknown}
 g - a scroll of revelation {unknown}
 h - a scroll of identify {unknown}
 j - a scroll of teleportation {unknown}
Potions
 d - a potion of magic
 f - 2 potions of invisibility {unknown}


   Skills:
 + Level 1.2 Fighting
 - Level 2.0 Dodging
 - Level 2.6 Stealth
 + Level 2.8 Spellcasting
 + Level 2.2 Conjurations
 + Level 3.7 Earth Magic


You had 4 spell levels left.
You knew the following spells:

 Your Spells              Type           Power      Damage    Failure   Level
a - Sandblast             Erth           32%        2d9       3%          1
b - Stone Arrow           Conj/Erth      28%        3d8       14%         3

Your spell library contained the following spells:

 Spells                   Type           Power      Damage    Failure   Level
 Passwall                 Erth           16%        N/A       10%         3
 Ensorcelled Hibernation  Hex/Ice        4%         N/A       24%         2
 Brom's Barrelling Bould  Conj/Erth      14%        2d4       41%         4
 Swiftness                Air            2%         N/A       43%         3
 Petrify                  Alch/Erth      9%         N/A       58%         4


Dungeon Overview and Level Annotations

Branches:
Dungeon (4/15)
 Temple: D:4-7

Altars:
Nemelex Xobeh


Innate Abilities, Weirdness & Mutations

You cannot wear most types of armour.
You are amphibious.
You can wear up to eight rings at the same time.
Your skin changes colour to match your surroundings (Stealth+).
Your rubbery body absorbs attacks. (AC +1, EV +1)
((You are camouflaged when in or above water. (Stealth+)))
You have tentacles for arms and can constrict up to eight enemies at once.


Message History

The ball python constricts you.
* * * LOW HITPOINT WARNING * * *
Something hits you.
* * * LOW HITPOINT WARNING * * *
Unknown command.
Unknown command.
It was a potion of curing.
You feel better.
The ball python bites you but does no damage.
The ball python constricts you.
You hear some strange, mumbled words.
You are confused.
The orc hits you with a +0 hand axe.
You're too confused to cast spells.
Unknown command.
You're too confused to cast spells.
Unknown command.
You feel better. The ball python bites you. The ball python constricts you.
Something hits you. The orc hits you with a +0 hand axe.
* * * LOW HITPOINT WARNING * * *
Okay, then.
Unknown command.
Casting: Sandblast (safe; 3% risk of failure)
Confirm with . or Enter, or press ? or * to list all spells.
The spell is quite dangerous to miscast (14% risk of failure)!
Continue anyway?
Aiming: Stone Arrow (quite dangerous; 14% risk of failure)
Press: ? - help, Shift-Dir - straight line, f/p - orc
Aim: an orc, wielding a +0 hand axe and wearing a +0 ring mail (severely wounded, 72% to hit)
The stone arrow misses the orc.
The ball python bites you but does no damage.
The ball python constricts you.
* * * LOW HITPOINT WARNING * * *
The orc completely misses you. Something hits you.
* * * LOW HITPOINT WARNING * * *
Unknown command.
You feel better. The ball python bites you. The ball python constricts you.
* * * LOW HITPOINT WARNING * * *
Something hits you.
* * * LOW HITPOINT WARNING * * *
The orc hits you with a +0 hand axe.
You die...

#.................#.# #.#
#........#.....####.# #.#
#........#.....# #.# #.#
##.......#.....# #.# #.#
........[#.....####.###.#
.........+..............#
.........#.....####.#####
.........####### #.#
##.......####### #.#
###............ #.#
#...†@....... #.#
......{So...... #.#
###............ #.#
............... #.#
...............
...............
...............
?........./.###


You could see an orc and a ball python.

Vanquished Creatures
  5 gnolls
  An adder (D:3)
  An orc (D:3)
  2 bats (D:1)
  3 endoplasms (D:1)
  4 giant cockroaches (D:1)
  5 hobgoblins
  A quokka (D:1)
  A ball python (D:1)
  4 frilled lizards
  2 kobolds
  4 rats
33 creatures vanquished.

Notes
Turn   | Place    | Note
-------+----------+-------------------------------------------
     0 | D:1      | zenocrate the Octopode Earth Elementalist began the quest
                  | for the Orb.
     0 | D:1      | Reached XP level 1. HP: 11/11 MP: 3/3
   214 | D:1      | Reached XP level 2. HP: 17/17 MP: 3/5
   619 | D:1      | Reached XP level 3. HP: 21/21 MP: 3/6
   623 | D:1      | Learned a level 3 spell: Stone Arrow
  1064 | D:2      | Reached skill level 1 in Fighting
  1064 | D:2      | Reached XP level 4. HP: 23/28 MP: 1/8
  1172 | D:2      | Found a sparkling altar of Nemelex Xobeh.
  1245 | D:2      | You fall into a shaft and drop 2 floors!
  1474 | D:3      | Slain by an orc

Illustrated notes

Levels and vault maps discovered:
D:1:      minmay_arrival_four_loops, layout_loops_ring, minmay_misc_feat_tiny,
          st_stairs_1
D:2:      layout_basic, basic_altar, uniq_natasha
D:3:      layout_basic, uniq_sigmund
D:4:      layout_loops_cross, marbit_many_paths,
          mainiacjoe_overflow_tiny_flanked, minmay_temple_entry_grid,
          lightli_ossuary_entry_decrepit_ruins, dk_rats_in_the_wall,
          uniq_menkaure, uniq_duvessa

Skill      XL: |  1  2  3 |
---------------+----------+-----
Conjurations   | 2 |  2.2
Fighting       | 1 |  1.2
Dodging        | |  2.0
Stealth        | |  2.6
Spellcasting   | |  2.8
Earth Magic    | |  3.7

Action                     |  1- 3 |  4- 6 || total
---------------------------+-------+-------++-------
  Melee: Unarmed           |     5 |       ||     5
         Constrict         |     4 |     1 ||     5
         Tentacles         |     1 |       ||     1
         Spear             |     7 |     2 ||     9
   Cast: Sandblast         |    28 |    12 ||    40
         Stone Arrow       |     2 |     1 ||     3
    Use: Potion            |       |     3 ||     3
   Stab: Sleeping          |     4 |       ||     4
 Armour: Skin              |     7 |    30 ||    37
  Dodge: Dodged            |     6 |     6 ||    12

Table legend: (Time is in decaauts)
 A = Elapsed time spent in this place.
 B = Non-inter-level travel time spent in this place.
 C = Inter-level travel time spent in this place.
 D = Time resting spent in this place.
 E = Time spent auto-exploring this place.
 F = Levels seen in this place.
 G = Mean time per level.
                   A        B        C        D        E       F      G
               +--------+--------+--------+--------+--------+-----+--------+
         Total |   1495 |   1470 |     25 |      0 |   1259 |   4 |  373.8 |
       Dungeon |   1495 |   1470 |     25 |      0 |   1259 |   4 |  373.8 |
               +--------+--------+--------+--------+--------+-----+--------+

Top non-repeatable levels by time:
     D:1: 1109 daAuts
     D:2: 153 daAuts
     D:4: 143 daAuts
     D:3: 88 daAuts
